HSSL
BISHOP AMAT HS @ SHELBY HS ROCKETS
05/03/2027
 
TOP OF THE 1ST
Bishop Amat HS batting - Pitching for Shelby HS Rockets : LHP Anthony Jacobson
Pitching: LHP Anthony Jacobson
Batting: RHB Ralph Petit 0-0: SINGLE (Flyball, 8LS)
Batting: RHB Blake Davis 0-0: Called Strike
0-1: Foul Ball, location: 2F
0-2: Strikes out swinging
Batting: RHB Mike Best 0-0: Called Strike
0-1: Ball
1-1: Ball
2-1: Fly out, F7 (Flyball, 7LDF)
Batting: RHB Louis García 0-0: Foul Ball, location: 2F
0-1: Ball
1-1: Ball
2-1: Ball
3-1: Hit by Pitch
Ralph Petit to second
Batting: RHB Haywood Young 0-0: Ball
1-0: Called Strike
1-1: Ball
2-1: Foul Ball, location: 2F
2-2: Ball
3-2: Base on Balls
Ralph Petit to third
Louis García to second
Batting: LHB Adam Roberts 0-0: Foul Ball, location: 2F
0-1: Ball
1-1: Ball
2-1: Ground out 4-3 (Groundball, 4S)
Top of the 1st over - 0 run(s), 1 hit(s), 0 error(s), 3 left on base; Bishop Amat HS 0 - Shelby HS 0
BOTTOM OF THE 1ST
Shelby HS Rockets batting - Pitching for Bishop Amat HS : RHP Phil Dennis
Pitching: RHP Phil Dennis
Batting: RHB Phil Stephens 0-0: Called Strike
0-1: Foul Ball, location: 2F
0-2: Ball
1-2: SINGLE (Line Drive, 78S)
Batting: RHB Jorge Solís 0-0: Ball
1-0: Ball
2-0: Foul Ball, location: 2F
2-1: Foul Ball, location: 2F
2-2: Ball
3-2: Foul Ball, location: 2F
3-2: Base on Balls
Phil Stephens to second
Batting: SHB Simon Spencer 0-0: Ball
1-0: Swinging Strike
1-1: Swinging Strike
1-2: Ball
2-2: Ball
3-2: Base on Balls
Phil Stephens to third
Jorge Solís to second
Batting: LHB Bill Handy 0-0: Called Strike
0-1: Ball
1-1: Fly out, F7 (Flyball, 7)
Runner from 3rd tags up, SCORES, no throw
Batting: RHB Jorge Pacheco 0-0: SINGLE (Groundball, 6MD)
Jorge Solís to third
Simon Spencer to second
Runner from 3rd tries for Home, SAFE, throw made home
Batting: RHB Javier Concepción 0-0: Called Strike
0-1: Grounds into double play, 5-4-3 (Groundball, 5)
Bottom of the 1st over - 2 run(s), 2 hit(s), 0 error(s), 1 left on base; Bishop Amat HS 0 - Shelby HS 2
TOP OF THE 2ND
Bishop Amat HS batting - Pitching for Shelby HS Rockets : LHP Anthony Jacobson
Batting: RHB Ken Pérez 0-0: SINGLE (Flyball, 8RS)
Batting: RHB Andrew Miller 0-0: Ball
1-0: Fly out, F7 (Flyball, 7LS)
Batting: RHB Ben Martin 0-0: Fly out, F3 (Popup, 3L)
Batting: RHB Ralph Petit 0-0: Called Strike
0-1: Foul Ball, location: 2F
0-2: Ball
1-2: Ball
2-2: Ball
3-2: Ground out 5-3 (Groundball, 56)
Top of the 2nd over - 0 run(s), 1 hit(s), 0 error(s), 1 left on base; Bishop Amat HS 0 - Shelby HS 2
BOTTOM OF THE 2ND
Shelby HS Rockets batting - Pitching for Bishop Amat HS : RHP Phil Dennis
Batting: RHB Craig Jensen 0-0: Called Strike
0-1: Ground out 5-3 (Groundball, 56S)
Batting: RHB Jesús López 0-0: Called Strike
0-1: Ball
1-1: Swinging Strike
1-2: Foul Ball, location: 2F
1-2: Strikes out swinging
Batting: RHB Robbie Weatherdon 0-0: Ball
1-0: SINGLE (Groundball, 4MD)
Batting: RHB Phil Stephens 0-0: Ball
1-0: Called Strike
Balk!
Robbie Weatherdon to second
1-1: Foul Ball, location: 2F
1-2: Ball
2-2: Ball
3-2: SINGLE (Line Drive, 89S)
Robbie Weatherdon to third
Robbie Weatherdon scores
Batting: RHB Jorge Solís 0-0: Called Strike
0-1: Ball
1-1: Ball
2-1: Foul Ball, location: 2F
2-2: Fly out, F6 (Line Drive, 6)
Bottom of the 2nd over - 1 run(s), 2 hit(s), 0 error(s), 1 left on base; Bishop Amat HS 0 - Shelby HS 3
TOP OF THE 3RD
Bishop Amat HS batting - Pitching for Shelby HS Rockets : LHP Anthony Jacobson
Batting: RHB Blake Davis 0-0: Called Strike
0-1: Called Strike
0-2: Ball
1-2: Fly out, F7 (Flyball, 7)
Batting: RHB Mike Best 0-0: Ball
1-0: Ball
2-0: Ball
3-0: Called Strike
3-1: Base on Balls
Batting: RHB Louis García 0-0: Called Strike
0-1: Ball
1-1: Foul Ball, location: 2F
1-2: Strikes out swinging
Batting: RHB Haywood Young 0-0: Ball
1-0: Ball
2-0: Called Strike
2-1: Ball
3-1: Base on Balls
Mike Best to second
Batting: LHB Adam Roberts 0-0: Ground out U3 (Groundball, 34)
Top of the 3rd over - 0 run(s), 0 hit(s), 0 error(s), 2 left on base; Bishop Amat HS 0 - Shelby HS 3
BOTTOM OF THE 3RD
Shelby HS Rockets batting - Pitching for Bishop Amat HS : RHP Phil Dennis
Batting: SHB Simon Spencer 0-0: Foul Ball, location: 2F
0-1: Ball
1-1: Ball
2-1: Ball
3-1: Base on Balls
Batting: LHB Bill Handy 0-0: Ball
1-0: Foul Ball, location: 2F
1-1: Ball
2-1: Ball
3-1: Base on Balls
Simon Spencer to second
Batting: RHB Jorge Pacheco 0-0: Called Strike
0-1: Foul Ball, location: 2F
0-2: Ball
1-2: Ball
2-2: Fly out, F7 (Flyball, 7S)
Batting: RHB Javier Concepción 0-0: Called Strike
0-1: SINGLE (Groundball, 3D)
Simon Spencer to third
Bill Handy to second
Runner from 3rd tries for Home, throw and OUT!
Batting: RHB Craig Jensen 0-0: Called Strike
0-1: Called Strike
0-2: SINGLE (Groundball, 56S) (infield hit)
Bill Handy to third
Javier Concepción to second
Batting: RHB Jesús López 0-0: Ball
1-0: Swinging Strike
1-1: SINGLE (Flyball, 78S)
Bill Handy scores
Javier Concepción to third
Craig Jensen to second
Batting: RHB Robbie Weatherdon 0-0: Ball
1-0: Swinging Strike
1-1: Fly out, F9 (Flyball, 89M)
Bottom of the 3rd over - 1 run(s), 3 hit(s), 0 error(s), 3 left on base; Bishop Amat HS 0 - Shelby HS 4
TOP OF THE 4TH
Bishop Amat HS batting - Pitching for Shelby HS Rockets : LHP Anthony Jacobson
Batting: RHB Ken Pérez 0-0: Ball
1-0: Swinging Strike
1-1: Swinging Strike
1-2: Ball
2-2: Foul Ball, location: 2F
2-2: DOUBLE (Flyball, 78D)
Batting: RHB Andrew Miller 0-0: Called Strike
0-1: Foul Ball, location: 2F
0-2: Strikes out swinging
Batting: RHB Ben Martin 0-0: Foul Ball, location: 2F
0-1: Ball
1-1: Ball
2-1: Ground out 4-3 (Groundball, 4)
Ken Pérez to third
Batting: RHB Ralph Petit 0-0: Called Strike
0-1: Ball
1-1: Swinging Strike
1-2: Ball
2-2: Ground out 6-3 (Groundball, 6)
Top of the 4th over - 0 run(s), 1 hit(s), 0 error(s), 1 left on base; Bishop Amat HS 0 - Shelby HS 4
BOTTOM OF THE 4TH
Shelby HS Rockets batting - Pitching for Bishop Amat HS : RHP Phil Dennis
Batting: RHB Phil Stephens 0-0: Foul Ball, location: 2F
0-1: Called Strike
0-2: Strikes out swinging
Batting: RHB Jorge Solís 0-0: Called Strike
0-1: Foul Ball, location: 2F
0-2: Ball
1-2: Ball
2-2: Foul Ball, location: 2F
2-2: Foul Ball, location: 2F
2-2: Foul Ball, location: 2F
2-2: Ball
3-2: SINGLE (Line Drive, 34D)
Pitching: RHP Alfredo Sánchez
Batting: SHB Simon Spencer 0-0: Ball
1-0: Called Strike
1-1: Ball
Wild Pitch!
Jorge Solís to second
2-1: Fly out, F8 (Line Drive, 8RM)
Batting: LHB Bill Handy 0-0: Called Strike
0-1: Foul Ball, location: 2F
0-2: Ball
1-2: Fly out, F3 (Line Drive, 3L)
Bottom of the 4th over - 0 run(s), 1 hit(s), 0 error(s), 1 left on base; Bishop Amat HS 0 - Shelby HS 4
TOP OF THE 5TH
Bishop Amat HS batting - Pitching for Shelby HS Rockets : LHP Anthony Jacobson
Batting: RHB Blake Davis 0-0: Foul Ball, location: 2F
0-1: Foul Ball, location: 2F
0-2: Ground out 6-3 (Groundball, 6)
Batting: RHB Mike Best 0-0: Ball
1-0: Called Strike
1-1: Ball
2-1: Foul Ball, location: 2F
2-2: Strikes out swinging
Batting: RHB Louis García 0-0: Foul Ball, location: 2F
0-1: Called Strike
0-2: Strikes out swinging
Top of the 5th over - 0 run(s), 0 hit(s), 0 error(s), 0 left on base; Bishop Amat HS 0 - Shelby HS 4
BOTTOM OF THE 5TH
Shelby HS Rockets batting - Pitching for Bishop Amat HS : RHP Alfredo Sánchez
Batting: RHB Jorge Pacheco 0-0: Foul Ball, location: 2F
0-1: Ball
1-1: SINGLE (Line Drive, 34)
Batting: RHB Javier Concepción 0-0: 2-RUN HOME RUN (Flyball, 7LD), Distance : 370 ft
Batting: RHB Craig Jensen 0-0: Ball
1-0: Fly out, F9 (Flyball, 9)
Batting: RHB Jesús López 0-0: Ball
1-0: Called Strike
1-1: Ball
2-1: Foul Ball, location: 2F
2-2: Ball
3-2: Ground out 6-3 (Groundball, 6)
Batting: RHB Robbie Weatherdon 0-0: Ball
1-0: Foul Ball, location: 2F
1-1: Fly out, F7 (Flyball, 78M)
Bottom of the 5th over - 2 run(s), 2 hit(s), 0 error(s), 0 left on base; Bishop Amat HS 0 - Shelby HS 6
TOP OF THE 6TH
Bishop Amat HS batting - Pitching for Shelby HS Rockets : LHP Anthony Jacobson
Pitching: LHP Robin Bergeron
Batting: RHB Haywood Young 0-0: Called Strike
0-1: Swinging Strike
0-2: Ball
1-2: Reached on error, E4 (Groundball, 4)
Batting: LHB Adam Roberts 0-0: Called Strike
0-1: Ground out U3 (Groundball, 34)
Haywood Young to third
Batting: RHB Ken Pérez 0-0: Called Strike
0-1: Ball
1-1: Ground out 1-3 (Groundball, 15)
Batting: RHB Andrew Miller 0-0: Ball
1-0: Ball
2-0: Swinging Strike
2-1: Foul Ball, location: 2F
2-2: Foul Ball, location: 2F
2-2: Ball
3-2: Strikes out swinging
Top of the 6th over - 0 run(s), 0 hit(s), 1 error(s), 1 left on base; Bishop Amat HS 0 - Shelby HS 6
BOTTOM OF THE 6TH
Shelby HS Rockets batting - Pitching for Bishop Amat HS : RHP Alfredo Sánchez
Batting: RHB Phil Stephens 0-0: Foul Ball, location: 2F
0-1: Ball
1-1: Fly out, F8 (Flyball, 8LM)
Batting: RHB Jorge Solís 0-0: Ball
1-0: Ball
2-0: Called Strike
2-1: Ball
3-1: Fly out, F4 (Flyball, 34D)
Batting: SHB Simon Spencer 0-0: Ball
1-0: Foul Ball, location: 2F
1-1: Reached on error, E3 (Groundball, 3)
Batting: LHB Bill Handy 0-0: Ball
1-0: Ball
2-0: Ball
3-0: Base on Balls
Simon Spencer to second
Batting: RHB Jorge Pacheco 0-0: Foul Ball, location: 2F
0-1: Foul Ball, location: 2F
0-2: Ball
1-2: Ground out U3 (Groundball, 34)
Bottom of the 6th over - 0 run(s), 0 hit(s), 1 error(s), 2 left on base; Bishop Amat HS 0 - Shelby HS 6
TOP OF THE 7TH
Bishop Amat HS batting - Pitching for Shelby HS Rockets : LHP Robin Bergeron
Batting: RHB Ben Martin 0-0: Called Strike
0-1: Ball
1-1: Ball
2-1: Foul Ball, location: 2F
2-2: Foul Ball, location: 2F
2-2: Strikes out swinging
Batting: RHB Ralph Petit 0-0: Called Strike
0-1: Ball
1-1: Ball
2-1: Foul Ball, location: 2F
2-2: SINGLE (Groundball, 6MD)
Batting: RHB Blake Davis 0-0: Ball
1-0: Fly out, F8 (Line Drive, 8LS)
Batting: RHB Mike Best 0-0: Foul Ball, location: 2F
0-1: Called Strike
0-2: Foul Ball, location: 2F
0-2: Foul Ball, location: 2F
0-2: Ball
Pickoff Throw by Catcher to First - Out!
Top of the 7th over - 0 run(s), 1 hit(s), 0 error(s), 0 left on base; Bishop Amat HS 0 - Shelby HS 6
BOTTOM OF THE 7TH
Shelby HS Rockets batting - Pitching for Bishop Amat HS : RHP Alfredo Sánchez
Batting: RHB Javier Concepción 0-0: Foul Ball, location: 2F
0-1: Foul Ball, location: 2F
0-2: Ball
1-2: Fly out, F9 (Flyball, 9LM)
Batting: RHB Craig Jensen 0-0: Called Strike
0-1: Ball
1-1: Fly out, F3 (Flyball, 34D)
Batting: RHB Jesús López 0-0: Ball
1-0: Ball
2-0: Swinging Strike
2-1: Ball
3-1: Base on Balls
Batting: RHB Robbie Weatherdon 0-0: Foul Ball, location: 2F
0-1: Called Strike
0-2: Foul Ball, location: 2F
0-2: Ball
1-2: Fielders Choice at 2nd, 5-4 (Groundball, 56)
Bottom of the 7th over - 0 run(s), 0 hit(s), 0 error(s), 0 left on base; Bishop Amat HS 0 - Shelby HS 6
TOP OF THE 8TH
Bishop Amat HS batting - Pitching for Shelby HS Rockets : LHP Robin Bergeron
Batting: RHB Mike Best 0-0: Ball
1-0: Ball
2-0: Swinging Strike
2-1: Called Strike
2-2: Ball
3-2: Base on Balls
Batting: RHB Louis García 0-0: Ball
1-0: Ball
2-0: Called Strike
2-1: Foul Ball, location: 2F
2-2: Foul Ball, location: 2F
2-2: Strikes out swinging
Batting: RHB Haywood Young 0-0: Called Strike
0-1: Ball
1-1: Called Strike
1-2: Ball
2-2: Foul Ball, location: 2F
2-2: Ball
3-2: Base on Balls
Mike Best to second
Pitching: LHP Chris Moore
Batting: LHB Adam Roberts 0-0: Foul Ball, location: 2F
0-1: SINGLE (Groundball, 34S) (infield hit)
Mike Best to third
Haywood Young to second
Batting: RHB Ken Pérez 0-0: Foul Ball, location: 2F
0-1: Ball
1-1: Ball
2-1: Foul Ball, location: 2F
2-2: Foul Ball, location: 2F
2-2: Reached on error, E8 (Flyball, 89M)
Mike Best scores
Haywood Young to third
Adam Roberts to second
Pitching: RHP Jason Willis
Batting: RHB Andrew Miller 0-0: Called Strike
0-1: Ball
1-1: Called Strike
1-2: Ball
2-2: Foul Ball, location: 2F
2-2: Ball
3-2: Foul Ball, location: 2F
3-2: Foul Ball, location: 2F
3-2: Foul Ball, location: 2F
3-2: Strikes out swinging
Batting: RHB Ben Martin 0-0: Called Strike
0-1: Ball
1-1: Called Strike
1-2: Ball
2-2: DOUBLE (Flyball, 89D)
Haywood Young scores
Adam Roberts scores
Ken Pérez to third
Batting: RHB Ralph Petit 0-0: Ball
1-0: Called Strike
1-1: Foul Ball, location: 2F
1-2: Ground out 5-3 (Groundball, 5S)
Top of the 8th over - 3 run(s), 2 hit(s), 1 error(s), 2 left on base; Bishop Amat HS 3 - Shelby HS 6
BOTTOM OF THE 8TH
Shelby HS Rockets batting - Pitching for Bishop Amat HS : RHP Alfredo Sánchez
Pitching: LHP Bob Davis
Batting: RHB Phil Stephens 0-0: Ball
1-0: Ball
2-0: Called Strike
2-1: Ball
3-1: Called Strike
3-2: Fly out, F4 (Popup, 34D)
Batting: RHB Jorge Solís 0-0: Ball
1-0: Ball
2-0: Called Strike
2-1: Ball
3-1: Foul Ball, location: 2F
3-2: Ground out U3 (Groundball, 3)
Batting: SHB Simon Spencer 0-0: Called Strike
0-1: Foul Ball, location: 2F
0-2: Foul Ball, location: 2F
0-2: Ball
1-2: Ball
2-2: Fly out, F8 (Flyball, 89M)
Bottom of the 8th over - 0 run(s), 0 hit(s), 0 error(s), 0 left on base; Bishop Amat HS 3 - Shelby HS 6
TOP OF THE 9TH
Bishop Amat HS batting - Pitching for Shelby HS Rockets : RHP Jason Willis
Pitching: RHP Mike Cannon
Batting: RHB Blake Davis 0-0: Ground out 5-3 (Groundball, 56)
Batting: RHB Mike Best 0-0: Ball
1-0: Foul Ball, location: 2F
1-1: Fly out, F9 (Flyball, 9S)
Batting: RHB Louis García 0-0: Ball
1-0: Foul Ball, location: 2F
1-1: Swinging Strike
1-2: Foul Ball, location: 2F
1-2: Ball
2-2: Strikes out swinging
Top of the 9th over - 0 run(s), 0 hit(s), 0 error(s), 0 left on base; Bishop Amat HS 3 - Shelby HS 6
Thursday, March 30th, 2017 - OOTP Baseball 17.12 Build 75